 Dungeon Crawl Stone Soup version 0.19.5 (webtiles) character file.

8684 Gargoyl the Protected (level 11, -3/90 (91) HPs)
             Began as a Ghoul Abyssal Knight on Mar 18, 2017.
             Was a High Priest of Lugonu.
             Slain by a wolf (7 damage)
             ... on level 1 of the Lair of Beasts on Mar 20, 2017.
             The game lasted 00:29:07 (9845 turns).

Gargoyl the Protected (Ghoul Abyssal Knight)        Turns: 9845, Time: 00:29:07

HP:   -3/90 (91)    AC: 21    Str: 17    XL:     11   Next: 34%
MP:   16/16         EV:  8    Int:  7    God:    Lugonu [*****.]
Gold: 310           SH:  0    Dex: 11    Spells: 0 memorised, 10 levels left

rFire  + . .     SeeInvis .     p - +6 spear
rCold  . . .     Gourm    .     w - +3 chain mail
rNeg   + + +     Faith    .     (no shield)
rPois  ∞         Spirit   .     E - +2 helmet
rElec  .         Reflect  .     C - +1 cloak
rCorr  .         Harm     .     k - +0 pair of gloves
MR     .....                    (no boots)
Stlth  ..........               (no amulet)
                                (no ring)
                                h - ring of fire

@: rotting
A: rotting body, claws 1, carnivore 3, cold resistance 1, negative energy
resistance 3, slow regeneration 1, torment resistance, unbreathing
a: Depart the Abyss, Bend Space, Banish, Corrupt, Enter the Abyss, Renounce
Religion


You were on level 1 of the Lair of Beasts.
You worshipped Lugonu.
Lugonu was extremely pleased with you.
You were not hungry.

You visited 2 branches of the dungeon, and saw 10 of its levels.
You visited the Abyss 1 time.

You collected 584 gold pieces.
You spent 274 gold pieces at shops.

Inventory:

Hand Weapons
 a - a +2 hand axe
 p - a +6 spear (weapon)
 D - a cursed -2 war axe
Missiles
 v - 8 tomahawks (quivered)
Armour
 k - a +0 pair of gloves (worn)
 w - a +3 chain mail (worn)
 C - a +1 cloak (worn)
 E - a +2 helmet (worn)
Jewellery
 h - a ring of fire (left hand)
Wands
 f - a wand of flame (27/48)
 r - a wand of disintegration (11/24)
 s - a wand of polymorph (14/24)
 u - a wand of digging (18/24)
Scrolls
 d - 4 scrolls of identify
 g - 2 scrolls of teleportation
 m - 2 scrolls of recharging
 n - 2 scrolls of fog
 y - a scroll of magic mapping
 H - 2 scrolls of remove curse
 J - a scroll of blinking
Potions
 b - a potion of mutation {unknown}
 e - a potion of berserk rage
 i - 2 potions of invisibility {unknown}
 l - 3 potions of heal wounds
 q - a potion of agility
 t - 2 potions of resistance
 x - a potion of haste
 z - 3 potions of lignification
 M - a potion of magic {unknown}
Books
 j - a book of Cantrips

   Spells                             Type                      Level
   a - Confusing Touch                Hexes                        1
   b - Animate Skeleton               Necromancy                   1
   c - Summon Small Mammal            Summoning                    1
   d - Apportation                    Translocation                1
 A - a book of Maledictions

   Spells                             Type                      Level
   a - Corona                         Hexes                        1
   b - Ensorcelled Hibernation        Hexes/Ice                    2
   c - Confuse                        Hexes                        3
   d - Tukima's Dance                 Hexes                        3
   e - Dazzling Spray                 Conjuration/Hexes            3
 G - a book of Changes

   Spells                             Type                      Level
   a - Beastly Appendage              Transmutation                1
   b - Sticks to Snakes               Transmutation                2
   c - Spider Form                    Transmutation/Poison         3
   d - Ice Form                       Ice/Transmutation            4
   e - Blade Hands                    Transmutation                5
 L - a book of Debilitation

   Spells                             Type                      Level
   a - Corona                         Hexes                        1
   b - Slow                           Hexes                        2
   c - Gell's Gravitas                Hexes/Translocation          3
   d - Inner Flame                    Hexes/Fire                   3
   e - Cause Fear                     Hexes                        4
   f - Leda's Liquefaction            Hexes/Earth                  4
Comestibles
 c - 4 meat rations
 o - 2 slices of pizza
 B - a beef jerky
 I - a royal jelly


   Skills:
 + Level 6.9 Fighting
 + Level 3.4(6.3) Axes
 + Level 8.2(8.6) Polearms
 + Level 0.8 Throwing
 * Level 9.4 Armour
 + Level 3.3 Dodging
 * Level 8.8 Invocations


You had 10 spell levels left.
You didn't know any spells.

Dungeon Overview and Level Annotations

Branches:
Dungeon (9/15)             Temple (0/1) D:6            Lair (1/6) D:9
    Orc: D:9-12

Altars:
Cheibriados
Hepliaklqana
Kikubaaqudgha
Makhleb
Nemelex Xobeh
Uskayaw
Vehumet
Xom
Yredelemnul
Zin
The Shining One

Shops:
D:4 [[:%*   D:7 [   D:9 }

Annotations:
Lair:1 Just00me's ghost, journeyman MiBe


Innate Abilities, Weirdness & Mutations

Your body is rotting away.
You thrive on raw meat.
You are immune to poison.
You have sharp fingernails.
You are carnivorous and can eat meat at any time.
Your flesh is cold resistant. (rC+)
You are immune to negative energy. (rN+++)
You regenerate slowly when monsters are visible.
You are immune to unholy pain and torment.
You can survive without breathing.


Message History

You puncture the wolf!
The wolf is heavily wounded.
The wolf closely misses you. The wolf bites you but does no damage.
You hit the wolf.
The wolf is severely wounded.
You feel your flesh rotting away. The wolf bites you.
You closely miss the wolf.
The wolf is severely wounded.
The wolf bites you. The wolf bites you but does no damage.
The wolf barely misses you. The wolf misses you. The wolf barely misses you.
You hit the wolf.
The wolf is almost dead.
The wolf bites you.
* * * LOW HITPOINT WARNING * * *
The komodo dragon bites you!!
* * * LOW HITPOINT WARNING * * *
The wolf bites you!
You die...

##.................
#...............#
#........).....#
#..#.###÷##....#
#...........#..#
#..#...........#
#..#........#..#
#.l#h.......#..#
#..@##.#.#.## .
#..h.........
#.(...........
#..............
#..............
#.............
##............
#...###+####.
##..##


You could see a komodo dragon and 2 wolves.

Vanquished Creatures
  Harold (Lair:1)
  A spiny frog (Lair:1)
  2 hippogriffs
  Grum (D:8)
  6 yaks
  A steam dragon (D:8)
  5 water moccasins
  Edmund (D:4)
  3 ice beasts (D:7)
  An orc warrior (D:9)
  A black bear (D:8)
  2 sky beasts
  5 wolves
  4 ogres
  4 necrophages (D:8)
  4 centaurs
  2 big kobolds (D:7)
  5 bullfrogs
  2 scorpions
  6 killer bees
  2 howler monkeys
  11 wights
  4 electric eels (D:9)
  A jelly (D:7)
  2 crimson imps
  7 hounds
  4 orc priests
  A centaur skeleton (D:5)
  6 orc wizards
  Jessica (D:2)
  3 iguanas
  11 worker ants
  A hound zombie (D:8)
  A howler monkey zombie (D:9)
  A mummy (D:8)
  4 gnolls (D:6)
  A howler monkey skeleton (D:5)
  13 adders
  A shadow imp (D:8)
  2 oozes (D:4)
  2 adder zombies
  3 adder skeletons
  A worm (D:3)
  7 leopard geckos
  33 orcs
  11 bats
  3 giant cockroaches
  7 goblins
  12 hobgoblins
  5 jackals
  2 quokkas
  5 frilled lizards
  A jackal zombie (D:4)
  16 kobolds
  2 leopard gecko skeletons
  A quokka skeleton (D:4)
  3 rats
  A spectral orc (D:3)
249 creatures vanquished.

Vanquished Creatures (others)
  The ghost of murphvienna the Cleaver, a novice MiBe of Trog (D:9)
  3 orc warriors
  An orc priest (D:9)
  3 orc wizards
  A fungus (Lair:1)
  A plant (Lair:1)
10 creatures vanquished.

Grand Total: 259 creatures vanquished

Notes
Turn   | Place    | Note
-------+----------+-------------------------------------------
     0 | Abyss:1  | Gargoyl the Ghoul Abyssal Knight began the quest for the Orb.
     0 | Abyss:1  | Reached XP level 1. HP: 19/19 MP: 1/1
    35 | Abyss:1  | Noticed a freezing wraith
    36 | Abyss:1  | Found a corrupted altar of Lugonu.
    65 | Abyss:2  | Noticed a wretched star
    66 | D:1      | Escaped the Abyss
   142 | D:1      | Reached * piety under Lugonu
   258 | D:1      | Reached skill level 1 in Dodging
   258 | D:1      | Reached XP level 2. HP: 26/26 MP: 2/2
   431 | D:1      | Reached skill level 2 in Armour
   812 | D:1      | Reached XP level 3. HP: 33/33 MP: 3/3
  1540 | D:2      | Noticed Jessica
  1549 | D:2      | Killed Jessica
  1549 | D:2      | Reached XP level 4. HP: 38/39 MP: 4/4
  1676 | D:2      | Found a sparkling altar of Nemelex Xobeh.
  1905 | D:3      | Reached ** piety under Lugonu
  1931 | D:3      | Found an ancient bone altar of Kikubaaqudgha.
  2416 | D:3      | Noticed a bullfrog
  2423 | D:3      | Killed a bullfrog
  2423 | D:3      | Reached skill level 3 in Armour
  2423 | D:3      | Reached XP level 5. HP: 39/46 MP: 4/6
  2453 | D:3      | Found a basalt altar of Yredelemnul.
  2534 | D:4      | Reached XP level 6. HP: 30/52 MP: 7/7
  2583 | D:4      | Found Zin's Purification Station.
  2583 | D:4      | Found a glowing silver altar of Zin.
  2603 | D:4      | Found a shimmering altar of Xom.
  2604 | D:4      | Found a hazy altar of Hepliaklqana.
  2604 | D:4      | Noticed a death ooze
  2605 | D:4      | Noticed a spectral ugly thing
  2605 | D:4      | Noticed a death ooze
  2708 | D:4      | Noticed Edmund
  2731 | D:4      | Killed Edmund
  2731 | D:4      | Reached skill level 1 in Polearms
  2731 | D:4      | Reached skill level 4 in Armour
  2908 | D:4      | Reached XP level 7. HP: 57/57 MP: 7/9
  2991 | D:4      | Found Ceseo's Book Shop.
  2991 | D:4      | Found Nienkosch's Food Shop.
  2995 | D:4      | Found Zej Zuh's Armour Shop.
  2996 | D:4      | Found Fajau's Antique Armour Shop.
  3004 | D:4      | Bought a +0 pair of gloves for 54 gold pieces
  3053 | D:4      | Found a burning altar of Makhleb.
  3053 | D:4      | Found a glowing golden altar of the Shining One.
  3137 | D:4      | Reached *** piety under Lugonu
  3483 | D:5      | Entered Level 5 of the Dungeon
  3843 | D:5      | Reached skill level 5 in Armour
  3843 | D:5      | Reached XP level 8. HP: 39/66 MP: 10/10
  4307 | D:6      | Found a staircase to the Ecumenical Temple.
  4447 | D:6      | HP: 3/67 [orc warrior/flail (9)]
  4602 | D:5      | Reached skill level 5 in Invocations
  5067 | D:6      | Reached skill level 6 in Armour
  5422 | D:4      | Bought a glowing chain mail for 220 gold pieces
  5609 | D:7      | Noticed a hippogriff
  5619 | D:7      | Killed a hippogriff
  5619 | D:7      | Reached XP level 9. HP: 63/73 MP: 12/12
  5765 | D:8      | Reached skill level 5 in Fighting
  5782 | D:8      | Reached skill level 5 in Polearms
  5963 | D:7      | Found Butadeasm's Armour Shoppe.
  5986 | D:7      | Reached skill level 7 in Armour
  6081 | D:7      | Reached **** piety under Lugonu
  6602 | D:7      | Found a snail-covered altar of Cheibriados.
  6777 | D:8      | Reached XP level 10. HP: 77/83 MP: 14/14
  6815 | D:7      | Found a hide-covered altar of Uskayaw.
  6902 | D:8      | Noticed Grum
  7011 | D:8      | Killed Grum
  7054 | D:8      | Reached ***** piety under Lugonu
  7222 | D:8      | Reached skill level 8 in Armour
  7528 | D:9      | Found a glowing golden altar of the Shining One.
  7599 | D:9      | Found Jaskeip's Gadget Shoppe.
  7898 | D:9      | Found a radiant altar of Vehumet.
  8021 | D:9      | Noticed murphvienna's ghost (novice MiBe)
  8230 | D:9      | Banished murphvienna's ghost
  8781 | D:9      | Reached skill level 9 in Armour
  8781 | D:9      | Reached XP level 11. HP: 81/91 MP: 16/16
  8788 | D:9      | Found a faded altar of an unknown god.
  8788 | D:9      | Found a faded altar of an unknown god.
  8793 | D:9      | Found a faded altar of an unknown god.
  8795 | D:9      | Found a hide-covered altar of Uskayaw.
  8796 | D:9      | Found a faded altar of an unknown god.
  9240 | D:9      | Found a staircase to the Lair.
  9254 | Lair:1   | Entered Level 1 of the Lair of Beasts
  9610 | Lair:1   | Noticed Just00me's ghost (journeyman MiBe)
  9752 | Lair:1   | Noticed Harold
  9794 | Lair:1   | Killed Harold
  9845 | Lair:1   | HP: 4/90 [komodo dragon (21)]
  9845 | Lair:1   | Slain by a wolf

Skill      XL: |  1  2  3  4  5  6  7  8  9 10 11 |
---------------+----------------------------------+-----
Axes           | 2 3 |  3.4
Dodging        | 1 2 3 |  3.3
Armour         | 2 3 4 5 6 7 9 |  9.4
Invocations    | 3 4 5 6 8 |  8.8
Fighting       | 4 5 6 |  6.9
Polearms       | 1 2 4 6 7 8 |  8.2
Throwing       | |  0.8

Action                   |  1- 3 |  4- 6 |  7- 9 | 10-12 || total
-------------------------+-------+-------+-------+-------++-------
Melee: Hand axe          |   117 |    89 |       |       ||   206
       Spear             |       |    74 |   651 |   624 ||  1349
Throw: Tomahawk          |       |       |     2 |    24 ||    26
Invok: Depart the Abyss  |     1 |       |       |       ||     1
       Banish            |       |       |     2 |     5 ||     7
Evoke: Wand              |       |     2 |     1 |     1 ||     4
  Use: Potion            |     1 |       |       |     9 ||    10
       Scroll            |     3 |     3 |     9 |     5 ||    20
 Stab: Distracted        |       |       |     1 |       ||     1
  Eat: Chunk             |    13 |    21 |    85 |    80 ||   199
       Pizza             |       |     1 |       |       ||     1
Armor: Chain mail        |   103 |   103 |   478 |   401 ||  1085
Dodge: Dodged            |    46 |    56 |   309 |   250 ||   661
